 Dungeon Crawl Stone Soup version 0.30-a0-739-gea05faddec (webtiles) character file.

Game seed: 8169551242519441342

239 timneilson the Covered (level 6, -1/38 HPs)
             Began as a Gargoyle Fighter on Feb 5, 2023.
             Slain by an iguana (10 damage)
             ... on level 4 of the Dungeon.
             The game lasted 00:05:10 (2519 turns).

timneilson the Covered (Gargoyle Fighter)           Turns: 2519, Time: 00:05:11

Health: -1/38      AC: 12    Str: 20    XL:     6   Next: 7%
Magic:  6/6        EV:  9    Int:  8    God:
Gold:   224        SH:  6    Dex: 11    Spells: 5/5 levels left

rFire   . . .      SeeInvis .    a - +0 long sword (vamp)
rCold   . . .      Faith    .    c - +1 buckler
rNeg    + . .      Spirit   .    b - +0 scale mail
rPois   ∞          Reflect  .    (no helmet)
rElec   +          Harm     .    j - +0 cloak
rCorr   .          Rampage  .    (no gloves)
Will    +....                    (no boots) Stlth
                                 (no amulet)
HPRegen 0.26/turn                h - ring of willpower
MPRegen 0.10/turn                (no ring)

@: no status effects
A: sickness immunity, AC +4, negative energy resistance 1, electricity
resistance, torment resistance 1, petrification resistance
a: no special abilities


You were on level 4 of the Dungeon.
You visited 1 branch of the dungeon, and saw 4 of its levels.

You collected 224 gold pieces.

Inventory:

Hand Weapons
 a - a +0 vampiric long sword (weapon)
Armour
 b - a +0 scale mail (worn)
 c - a +1 buckler (worn)
 j - a +0 cloak (worn)
Jewellery
 h - a ring of willpower (left hand)
Scrolls
 e - 2 scrolls of poison
 i - a scroll of teleportation
Potions
 d - a potion of might
 f - 2 potions of attraction
 g - a potion of magic
 k - a potion of berserk rage
 l - a potion of cancellation
 m - a potion of flight
 n - 2 potions of curing
 p - a potion of resistance {unknown}
 q - a potion of haste {unknown}


   Skills:
 + Level 3.8 Fighting
 * Level 3.2 Long Blades
 * Level 4.6 Armour
 + Level 1.3 Dodging
 * Level 4.6 Shields


You had 5 spell levels left.
You didn't know any spells.
Your spell library contained the following spells:

 Spells                   Type           Power      Damage    Failure   Level
 Beastly Appendage        Tmut           0%         N/A       83%         1
 Wereblood                Tmut           0%         N/A       93%         2
 Portal Projectile        Hex/Tloc       0%         N/A       99%         3
 Spider Form              Tmut/Pois      0%         N/A       99%         3
 Tukima's Dance           Hex            0%         N/A       99%         3
 Blade Hands              Tmut           0%         N/A       100%        5


Dungeon Overview and Level Annotations

Branches:
Dungeon (4/15)
 Temple: D:4-7

Altars:

Shops:
D:1 !   D:3 :   D:4 (


Innate Abilities, Weirdness & Mutations

You are immune to sickness and miasma.
Your stone body is resilient. (AC +4)
You are immune to poison.
You resist negative energy. (rN+)
You are resistant to electric shocks. (rElec)
You are resistant to unholy torment.
You are immune to petrification.


Message History

You hit the iguana but do no damage.
The iguana is heavily wounded.
You hear the slow rusting of a very distant drain.
The iguana closely misses you.
You hit the iguana but do no damage.
The iguana is heavily wounded.
You block the iguana's attack.
The iguana bites you but does no damage.
You closely miss the iguana.
The iguana is heavily wounded.
You block the iguana's attack.
You hit the iguana but do no damage.
The iguana is heavily wounded.
The iguana closely misses you.
You hit the iguana but do no damage.
The iguana is heavily wounded.
The iguana bites you but does no damage.
The iguana bites you!
You hit the iguana.
You feel better.
The iguana is severely wounded.
The iguana closely misses you.
You hit the iguana but do no damage.
The iguana is severely wounded.
The iguana barely misses you.
You barely miss the iguana.
The iguana is severely wounded.
The iguana bites you but does no damage.
The iguana bites you.
You hit the iguana.
You feel better.
The iguana is almost dead.
The iguana bites you!
* * * LOW HITPOINT WARNING * * *
You barely miss the iguana.
The iguana is almost dead.
The iguana bites you.
* * * LOW HITPOINT WARNING * * *
You barely miss the iguana.
The iguana is almost dead.
The iguana bites you!
You die...

#..##.##.# .#.......#
#####.##### # #.....#
#########.#######
................#
..........##.##.######..
.......#..##.##.#.......
.......#........@.......
.......#..#...#.#l...<..
................####.#..
....#...........# # #
#......##....##
##.∩.##.......#
#.............#
#.########.####
##.########.#


You could see an iguana.

Vanquished Creatures
  A scorpion (D:4)
  A hound (D:3)
  7 gnolls
  3 adders
  A worm (D:2)
  3 dart slugs (D:2)
  5 endoplasms
  2 giant cockroaches (D:2)
  6 goblins
  2 hobgoblins
  4 kobolds
  4 quokkas
  5 ball pythons
  4 bats
  A frilled lizard (D:2)
  7 rats
56 creatures vanquished.

Vanquished Creatures (others)
  3 plants (D:3)
3 creatures vanquished.

Grand Total: 59 creatures vanquished

Notes
Turn   | Place    | Note
-------+----------+-------------------------------------------
     0 | D:1      | timneilson the Gargoyle Fighter began the quest for the
                  | Orb.
     0 | D:1      | Reached XP level 1. HP: 14/14 MP: 1/1
    96 | D:1      | Reached XP level 2. HP: 17/19 MP: 2/2
   340 | D:1      | Found Kommaf's Distillery.
   619 | D:2      | Reached XP level 3. HP: 23/23 MP: 3/3
   955 | D:2      | Reached XP level 4. HP: 25/28 MP: 4/4
  1789 | D:3      | Reached skill level 1 in Dodging
  1818 | D:3      | Reached XP level 5. HP: 31/33 MP: 5/5
  1948 | D:3      | Found Zituudi's Book Shoppe.
  2458 | D:4      | Found Cigiaxt's Weapon Boutique.
  2469 | D:4      | Reached XP level 6. HP: 33/38 MP: 6/6
  2519 | D:4      | Slain by an iguana

Illustrated notes

Levels and vault maps discovered:
D:1:      minmay_arrival_nine_rooms, layout_rooms, serial_shops, shop
D:2:      layout_basic
D:3:      layout_basic, serial_shops, shop, serial_bayou_lake_a
D:4:      layout_loops_cross, lemuel_round_altar, mainiacjoe_overflow_big_doors,
          portal_sewer_entry_f, serial_shops, nicolae_shop_stone,
          dk_noncrumbling_4, serial_park_tiny_1, uniq_duvessa, uniq_natasha,
          uniq_sigmund, uniq_eustachio

Skill      XL: |  1  2  3  4  5 |
---------------+----------------+-----
Long Blades    | 2 3 |  3.2
Armour         | 4 |  4.6
Shields        | 4 |  4.6
Dodging        | 1 |  1.3
Fighting       | |  3.8

Action                     |  1- 3 |  4- 6 || total
---------------------------+-------+-------++-------
  Melee: Long sword        |   130 |   106 ||   236
    Use: Scroll            |     3 |     8 ||    11
         Potion            |       |     1 ||     1
 Armour: Scale mail        |    88 |    62 ||   150
  Dodge: Dodged            |    61 |    39 ||   100
  Block: Buckler           |    37 |    37 ||    74

Table legend: (Time is in decaauts)
 A = Elapsed time spent in this place.
 B = Non-inter-level travel time spent in this place.
 C = Inter-level travel time spent in this place.
 D = Time resting spent in this place.
 E = Time spent auto-exploring this place.
 F = Levels seen in this place.
 G = Mean time per level.
                   A        B        C        D        E       F      G
               +--------+--------+--------+--------+--------+-----+--------+
         Total |   2621 |   2531 |     90 |    162 |   1644 |   4 |  655.2 |
       Dungeon |   2621 |   2531 |     90 |    162 |   1644 |   4 |  655.2 |
               +--------+--------+--------+--------+--------+-----+--------+

Top non-repeatable levels by time:
     D:2: 1214 daAuts
     D:3: 784 daAuts
     D:1: 509 daAuts
     D:4: 113 daAuts
